cohdb
Replays
Latest Replays
All Replays
Popular Replays
Top Player Replays
Match Explorer
How It Works
Community
CoH3 Stats
Reddit
Sign in to upload your games and track your stats! →
Sign in with Steam
Match 42501041
Unlisted
Match 42501041
Overview
Messages
Build Orders
End
Construct Weapon Support Center
Scout Squad
Selects Heavy Weapons
M1919 Machine Gun Team
Bazooka Squad
M1919 Machine Gun Team
Engineer Squad
Infantry Support Center
Selects M2HB .50cal Heavy Machine Gun
Construct Medical Station
Construct Motor Pool
Sniper
M8 Greyhound Armored Car
Selects Assault Carriers
Selects Exchangeable Parts
M1 Anti-tank Gun Team
Bazooka Squad
Improved M9 Bazooka Rockets
M24 Chaffee Light Tank
Construct Tank Depot
M18 Hellcat Tank Destroyer
Zo͞olo͞oKōbrə
szwed
56512543
周末不日常
Kanade
Mee Mee Cute
elfen
꿀뜨개Honeydipper
0
0
Comments
sign in to comment!
No comments posted yet!